 Dungeon Crawl Stone Soup version 0.29-a0-575-g0dc89cf053 (webtiles) character file.

Game seed: 14038041998453010342

9031 croobank the Covert (level 11, -6/89 HPs)
             Began as a Gnoll Delver on June 12, 2022.
             Was an Initiate of Gozag.
             Mangled by a gargoyle
             ... wielding a +0 dire flail
              (21 damage)
             ... on level 10 of the Dungeon.
             The game lasted 01:06:38 (14820 turns).

croobank the Covert (Gnoll Delver)                 Turns: 14820, Time: 01:06:45

Health: -6/89      AC:  4    Str: 12    XL:     11   Next: 40%
Magic:  0/29       EV: 15    Int: 13    God:    Gozag
Gold:   259        SH:  0    Dex: 14    Spells: 11/22 levels left

rFire   . . .      SeeInvis .   a - +1 war axe (vamp)
rCold   . . .      Faith    .   (no shield)
rNeg    . . .      Spirit   +   Q - +2 robe {Archmagi}
rPois   .          Reflect  .   (no helmet)
rElec   .          Harm     .   r - scarf {repulsion}
rCorr   .          Rampage  .   (no gloves)
Will    .....      Archmagi +   (no boots)
Stlth   +++++.....              o - amulet of guardian spirit
HPRegen 0.24/turn               u - ring of magical power
MPRegen 0.21/turn               N - ring of wizardry

@: sluggish, gold aura, studying Staves, repel missiles, very slow
A: fangs 1, strong nose, distributed training
a: Renounce Religion, Potion Petition, Call Merchant, Bribe Branch


You were on level 10 of the Dungeon.
You worshipped Gozag.
Gozag was aware of your devotion.
You visited 3 branches of the dungeon, and saw 14 of its levels.

You collected 1784 gold pieces.
You paid 1525 gold pieces to Gozag.

Inventory:

Hand Weapons
 a - a +1 vampiric war axe (weapon)
 i - a +0 dagger
 t - a +3 quarterstaff of chaos
 v - a +0 trident
 x - a +2 dagger of chaos
 E - a +0 halberd
 I - a +2 battleaxe
 K - a +4 falchion
 S - the +9 spear "Hydrabane" {elec, rPois rF++}
   (You found it on level 9 of the Dungeon)

   It occasionally discharges a powerful burst of electricity upon striking a
   foe.
   rF:        It greatly protects you from fire.
   rPois:     It protects you from poison.
 T - a +2 hand axe of freezing
Missiles
 j - 297 stones
 C - 6 silver javelins
 O - 5 silver boomerangs
Armour
 b - a +0 leather armour
 e - an orb of guile
 f - a +0 chain mail
 h - a +1 scale mail of fire resistance
 l - a +3 ring mail of poison resistance
 r - a scarf of repulsion (worn)
 y - the +1 ring mail "Lail" {Rampage rElec rN+ Str-3}
   (You found it on level 7 of the Dungeon)

   Str:       It affects your strength (-3).
   rElec:     It insulates you from electricity.
   rN:        It protects you from negative energy.
   Rampage:   It bestows one free step when moving towards enemies.
 D - a +0 cloak
 Q - a +2 robe of the Archmagi (worn)
Magical Staves
 m - a staff of earth
 p - a staff of poison
Jewellery
 o - an amulet of guardian spirit (around neck)
 u - a ring of magical power (left hand)
 N - a ring of wizardry (right hand)
 R - the ring of Dishonesty {*Corrode rElec rC+ Will+ Dex+4}
   (You found it on level 9 of the Dungeon)

   [ring of willpower]

   Dex:       It affects your dexterity (+4).
   rC:        It protects you from cold.
   rElec:     It insulates you from electricity.
   *Corrode:  It may corrode you when you take damage.
   Will:      It increases your willpower.
Wands
 g - a wand of digging (1)
 s - a wand of iceblast (4) (quivered)
Scrolls
 c - 3 scrolls of fog
 q - a scroll of amnesia
 F - 3 scrolls of identify
 H - a scroll of teleportation
 J - a scroll of noise
Potions
 d - a potion of cancellation
 k - 2 potions of brilliance
 n - a potion of degeneration
 w - a potion of curing
 A - 4 potions of attraction
 B - 2 potions of flight
 G - a potion of magic


   Skills:
 + Level 9.1 Fighting
 + Level 6.2 Short Blades
 + Level 6.2 Long Blades
 + Level 7.8 Axes
 + Level 6.2 Maces & Flails
 + Level 6.2 Polearms
 + Level 9.0 Staves
 + Level 6.2 Slings
 + Level 6.2 Bows
 + Level 6.2 Crossbows
 + Level 6.2 Throwing
 + Level 6.2 Armour
 + Level 7.8 Dodging
 + Level 11.4 Stealth
 + Level 6.2 Shields
 + Level 6.2 Unarmed Combat
 + Level 6.2 Spellcasting
 + Level 5.2 Conjurations
 + Level 5.2 Hexes
 + Level 5.2 Summonings
 + Level 5.2 Necromancy
 + Level 5.2 Translocations
 + Level 5.2 Transmutations
 + Level 5.2 Fire Magic
 + Level 5.2 Ice Magic
 + Level 5.2 Air Magic
 + Level 5.2 Earth Magic
 + Level 5.2 Poison Magic
 + Level 6.9 Invocations
 + Level 6.2 Evocations


You had 11 spell levels left.
You knew the following spells:

 Your Spells              Type           Power      Damage    Failure   Level
a - Swiftness             Air            26%        N/A       2%          3
b - Ensorcelled Hibernat  Hex/Ice        52%        N/A       1%          2
c - Passwall              Tmut/Erth      21%        N/A       1%          2
d - Anguish               Hex/Necr       13%        N/A       8%          4

Your spell library contained the following spells:

 Spells                   Type           Power      Damage    Failure   Level
 Iskenderun's Battlesphe  Conj           26%        2d8       21%         5
 Iron Shot                Conj/Erth      13%        9d3       71%         6
 Enfeeble                 Hex            13%        N/A       99%         7
 Spellforged Servitor     Conj/Summ      13%        N/A       99%         7


Dungeon Overview and Level Annotations

Branches:
Dungeon (11/15)            Temple (1/1) D:4             Orc (2/2) D:10
    Elf (0/3) Orc:2
   Lair: D:8-11

Altars:
Ashenzari
Cheibriados
Dithmenos
Elyvilon
Fedhas
Gozag
Hepliaklqana
Kikubaaqudgha
Makhleb
Nemelex Xobeh
Okawaru
Qazlal
Ru
Sif Muna
Trog
Uskayaw
Vehumet
Wu Jian
Xom
Yredelemnul
Zin
The Shining One

Shops:
D:9 =


Innate Abilities, Weirdness & Mutations

You have very sharp teeth.
Your uncanny sense of smell can sniff out nearby items.
Your experience applies equally to all skills.


Message History

The gargoyle barely misses you.
You climb upwards.
You feel yourself speed up.
There is a stone staircase leading down here.
Okay, then.
Okay, then.
Okay, then.
Okay, then.
You are too injured to fight recklessly!
Unknown command.
Okay, then.
Aiming: Dig
Press: ? - help, Shift-Dir - straight line You can't see that place. [the floor.]
The rock shatters into small pieces.
The gargoyle hurls a stone arrow at you.
The stone arrow misses you.
Okay, then.
The gargoyle hurls a stone arrow at you.
The stone arrow misses you.
The gargoyle hurls a stone arrow at you.
The stone arrow misses you. The gargoyle attacks as you move away!
The gargoyle hits you with a +0 dire flail!!
* * * LOW HITPOINT WARNING * * *
Okay, then.
It was a potion of heal wounds.
You feel much better.
The gargoyle hits you with a +0 dire flail!
Casting: Swiftness (mildly dangerous; 2% risk of failure)
Confirm with . or Enter, or press ? or * to list all spells.
Okay, then.
You hit the gargoyle but do no damage.
The gargoyle is moderately damaged.
The gargoyle hurls a stone arrow at you.
The stone arrow hits you!
* * * LOW HITPOINT WARNING * * *
The gargoyle hits you with a +0 dire flail!!
You die...
Your body crumbles into a pile of gold.

......##......))......)[)#
........................##
...........).............#
..............[........#.#
.................).....#.#
..............[.)[.......#
...............###<#'....#
.......##......##....###.#
.......##....#.#@.[#####.#
............##>9#........#
...##.......#####....#####
...##.......# #####.#####
........)...# #.........#
............# ###.#.###.#
###..######## #..<#.#...#
###...#########.#.#.#.###
)...................#.#


You could see a gargoyle.

Vanquished Creatures
  An orc warlord (D:10)
  A two-headed ogre (D:9)
  A cyclops (D:9)
  Joseph (D:9)
  An unseen horror (D:10)
  Psyche (D:9)
  A troll (Orc:1)
  Prince Ribbit (D:7)
  Grinder (D:6)
  Sigmund (D:2)
  2 wyverns (D:8)
  A wraith (D:11)
  3 yaks (D:7)
  2 steam dragons
  2 water moccasins
  Duvessa (D:4)
  5 orc warriors
  3 black bears
  4 ogres
  5 centaurs
  A phantom (D:3)
  A kobold brigand (D:10)
  2 necrophages
  A scorpion (D:7)
  A gnoll sergeant (D:9)
  Dowan (D:4)
  4 wights (D:8)
  6 killer bees (D:10)
  An electric eel (D:9)
  4 howler monkeys
  3 hounds
  7 orc priests
  Crazy Yiuf (D:7)
  Terence (D:1)
  7 iguanas
  11 orc wizards
  9 gnolls
  8 adders
  2 shadow imps
  3 white imps
  2 ufetubi (D:7)
  A worm (D:5)
  3 dart slugs
  35 orcs
  9 ball pythons
  11 endoplasms
  3 giant cockroaches
  9 goblins
  5 hobgoblins
  4 jackals (D:2)
  8 quokkas
  4 bats
  4 frilled lizards
  9 kobolds
  7 rats
226 creatures vanquished.

Vanquished Creatures (others)
  A vampire (D:9)
  2 orc warriors (Orc:1)
  An ogre (Orc:1)
  An orc wizard (Orc:1)
  2 gnolls (D:9)
  5 orcs (Orc:1)
  A ball python (D:4)
13 creatures vanquished.

Grand Total: 239 creatures vanquished

Notes
Turn   | Place    | Note
-------+----------+-------------------------------------------
     0 | D:5      | Reached skill level 9 in Stealth
     0 | D:5      | croobank the Gnoll Delver began the quest for the Orb.
     0 | D:5      | Reached XP level 1. HP: 23/23 MP: 1/1
    37 | D:4      | Noticed Duvessa
   196 | D:3      | Found a large runed translucent door.
   196 | D:3      | Found a large runed translucent door.
   287 | D:3      | Reached XP level 2. HP: 29/29 MP: 2/2
   337 | D:2      | Noticed Terence
   362 | D:2      | Reached skill level 1 in Staves
   567 | D:1      | Reached XP level 3. HP: 30/35 MP: 3/3
   623 | D:1      | Found a faded altar of an unknown god.
   894 | D:1      | Reached skill level 1 in Invocations
  1409 | D:1      | Killed Terence
  1410 | D:1      | Reached skill level 1 in Short Blades
  1410 | D:1      | Reached skill level 1 in Long Blades
  1410 | D:1      | Reached skill level 1 in Maces & Flails
  1410 | D:1      | Reached skill level 1 in Polearms
  1410 | D:1      | Reached skill level 1 in Slings
  1410 | D:1      | Reached skill level 1 in Bows
  1410 | D:1      | Reached skill level 1 in Crossbows
  1410 | D:1      | Reached skill level 1 in Throwing
  1410 | D:1      | Reached skill level 1 in Armour
  1410 | D:1      | Reached skill level 1 in Shields
  1410 | D:1      | Reached skill level 1 in Unarmed Combat
  1410 | D:1      | Reached skill level 1 in Spellcasting
  1410 | D:1      | Reached skill level 1 in Evocations
  1410 | D:1      | Reached XP level 4. HP: 27/41 MP: 5/5
  1673 | D:2      | Reached skill level 1 in Conjurations
  1673 | D:2      | Reached skill level 1 in Hexes
  1673 | D:2      | Reached skill level 1 in Summonings
  1673 | D:2      | Reached skill level 1 in Necromancy
  1673 | D:2      | Reached skill level 1 in Translocations
  1673 | D:2      | Reached skill level 1 in Transmutations
  1673 | D:2      | Reached skill level 1 in Fire Magic
  1673 | D:2      | Reached skill level 1 in Ice Magic
  1673 | D:2      | Reached skill level 1 in Air Magic
  1673 | D:2      | Reached skill level 1 in Earth Magic
  1673 | D:2      | Reached skill level 1 in Poison Magic
  1882 | D:2      | Reached XP level 5. HP: 44/47 MP: 6/6
  2034 | D:2      | Noticed Sigmund
  2878 | D:4      | Noticed a phantom
  2896 | D:3      | Killed a phantom
  2897 | D:3      | Reached XP level 6. HP: 53/53 MP: 8/8
  2914 | D:4      | Found a staircase to the Ecumenical Temple.
  2926 | Temple   | Entered the Ecumenical Temple
  2997 | Temple   | Became a worshipper of Gozag Ym Sagoz the Greedy
  3088 | D:4      | Reached skill level 5 in Axes
  3088 | D:4      | Reached skill level 5 in Dodging
  3096 | D:4      | Noticed a steam dragon
  3115 | D:4      | Killed a steam dragon
  3371 | D:4      | Reached XP level 7. HP: 59/59 MP: 10/10
  3378 | D:4      | Found a sacrificial altar of Ru.
  3379 | D:4      | Noticed Dowan
  3393 | D:4      | Killed Duvessa
  3423 | D:4      | Learned a level 3 spell: Swiftness
  3426 | D:4      | Learned a level 2 spell: Ensorcelled Hibernation
  3687 | D:4      | Killed Dowan
  3953 | D:5      | Reached skill level 10 in Stealth
  4339 | D:5      | Reached XP level 8. HP: 56/67 MP: 12/12
  5235 | D:5      | HP: 3/67 [orc priest/divine providence (10)]
  5556 | D:5      | Reached skill level 5 in Staves
  6131 | D:6      | Identified a scroll of acquirement
  6131 | D:6      | Acquired a scarf of repulsion
  6176 | D:6      | Noticed Grinder
  6179 | D:6      | Killed Grinder
  6248 | D:6      | Found a glowing silver altar of Zin.
  6605 | D:6      | Reached XP level 9. HP: 63/72 MP: 11/14
  6711 | D:6      | Learned a level 2 spell: Passwall
  6793 | D:7      | Identified the +1 ring mail "Lail" {Rampage rElec rN+
                  | Str-3}
  7137 | D:7      | Noticed Prince Ribbit
  7546 | D:2      | Killed Sigmund
  7870 | D:7      | You fall into a shaft and drop 3 floors!
  7870 | D:10     | Entered Level 10 of the Dungeon
  7908 | D:9      | Noticed Psyche
  7912 | D:9      | Killed Psyche
  7929 | D:9      | Noticed a cyclops
  7941 | D:9      | Killed a cyclops
  7942 | D:9      | Reached skill level 5 in Invocations
  7946 | D:9      | Found Etulazao's One-of-a-Kind Rings.
  7949 | D:9      | Found a flagged portal.
  7958 | D:9      | Noticed a two-headed ogre
  8555 | D:7      | Reached XP level 10. HP: 78/80 MP: 17/17
  8690 | D:7      | Found a runed translucent door.
  8691 | D:7      | Noticed Crazy Yiuf
  8702 | D:7      | Killed Crazy Yiuf
  8943 | D:7      | Killed Prince Ribbit
  8944 | D:7      | Reached skill level 5 in Short Blades
  8944 | D:7      | Reached skill level 5 in Long Blades
  8944 | D:7      | Reached skill level 5 in Maces & Flails
  8944 | D:7      | Reached skill level 5 in Polearms
  8944 | D:7      | Reached skill level 5 in Slings
  8944 | D:7      | Reached skill level 5 in Bows
  8944 | D:7      | Reached skill level 5 in Crossbows
  8944 | D:7      | Reached skill level 5 in Throwing
  8944 | D:7      | Reached skill level 5 in Armour
  8944 | D:7      | Reached skill level 5 in Shields
  8944 | D:7      | Reached skill level 5 in Unarmed Combat
  8944 | D:7      | Reached skill level 5 in Spellcasting
  8944 | D:7      | Reached skill level 5 in Evocations
  9539 | D:8      | Found a hide-covered altar of Uskayaw.
  9901 | D:8      | Noticed a death yak
  9901 | D:8      | Noticed a death yak
  9901 | D:8      | Noticed a death yak
 10228 | D:3      | Found an iron altar of Okawaru.
 10241 | D:3      | Found an ornate altar of the Wu Jian Council.
 10585 | D:9      | Found a blossoming altar of Fedhas.
 10624 | D:9      | Learned a level 4 spell: Anguish
 10831 | D:9      | Killed a two-headed ogre
 10832 | D:9      | Reached skill level 11 in Stealth
 10932 | D:9      | Found a bloodstained altar of Trog.
 10935 | D:9      | Found a shadowy altar of Dithmenos.
 11143 | D:9      | Identified the ring of Dishonesty {*Corrode rElec rC+ Will+
                  | Dex+4}
 11174 | D:9      | Found an ancient bone altar of Kikubaaqudgha.
 11183 | D:9      | Found a shimmering altar of Xom.
 11286 | D:9      | Identified the +9 spear "Hydrabane" {elec, rPois rF++}
 11792 | D:10     | Noticed Joseph
 12107 | D:9      | HP: 4/123 [Joseph/+0 quarterstaff (8)]
 12111 | D:9      | Killed Joseph
 12112 | D:9      | Reached XP level 11. HP: 35/87 MP: 1/19
 12819 | D:10     | Found a staircase to the Orcish Mines.
 12986 | Orc:1    | Entered Level 1 of the Orcish Mines
 12986 | Orc:1    | Noticed an orc warlord
 13018 | D:10     | Killed an orc warlord
 13019 | D:10     | Reached skill level 5 in Conjurations
 13019 | D:10     | Reached skill level 5 in Hexes
 13019 | D:10     | Reached skill level 5 in Summonings
 13019 | D:10     | Reached skill level 5 in Necromancy
 13019 | D:10     | Reached skill level 5 in Translocations
 13019 | D:10     | Reached skill level 5 in Transmutations
 13019 | D:10     | Reached skill level 5 in Fire Magic
 13019 | D:10     | Reached skill level 5 in Ice Magic
 13019 | D:10     | Reached skill level 5 in Air Magic
 13019 | D:10     | Reached skill level 5 in Earth Magic
 13019 | D:10     | Reached skill level 5 in Poison Magic
 13456 | Orc:1    | You fall into a shaft and drop 1 floor!
 13456 | Orc:2    | Entered Level 2 of the Orcish Mines
 13456 | Orc:2    | Found a staircase to the Elven Halls.
 13471 | Orc:1    | HP: 2/89 [orc warrior/+0 dire flail (16)]
 13844 | Orc:1    | Noticed an orc high priest
 13847 | Orc:1    | Noticed an ettin
 14820 | D:10     | Mangled by a gargoyle

Illustrated notes

Levels and vault maps discovered:
D:1:      wheals_arrival_shading, layout_basic,
          dreamdust_ecumenical_altar_angels_and_demons,
          kennysheep_decorative_pillar, hangedman_decor_riveting
D:2:      layout_basic, uniq_terence, uniq_sigmund
D:3:      minmay_spotlight, layout_basic, jmf_multi_god_temple2
D:4:      layout_cave_pools, lemuel_tele_altar, minmay_temple_entry_butterflies,
          uniq_duvessa
D:5:      layout_loops_cross, corexii_corridor_pit,
          chequers_serial_rivers_large_b, kennysheep_opposing_triangles
D:6:      layout_loops_ring, zin_scriptorium, uniq_grinder
D:7:      layout_layer_cave, uniq_prince_ribbit1, uniq_crazy_yiuf_cottage
D:8:      layout_basic, nicolae_uskayaw_dance_hall, dpeg_lair_monsters
D:9:      layout_irregular_city, nicolae_overflow_squiral, fedhas_altar_1,
          mainiacjoe_overflow_swirl, enter_bailey_6, nicolae_shop_unique_rings,
          uniq_psyche
D:10:     layout_basic, erik_orc_4, uniq_joseph
D:11:     layout_basic
Temple:   hc_temple_tempest_star
Orc:1:    layout_diamond_mine
Orc:2:    st_orc_ogre_mass, layout_diamond_mine, uniq_azrael

Skill      XL: |  1  2  3  4  5  6  7  8  9 10 11 |
---------------+----------------------------------+-----
Stealth        | 10 11 | 11.4
Staves         | 1 2 3 4 5 6 8 9 |  9.0
Invocations    | 1 2 3 4 5 6 |  6.9
Short Blades   | 1 2 3 4 5 6 |  6.2
Long Blades    | 1 2 3 4 5 6 |  6.2
Maces & Flails | 1 2 3 4 5 6 |  6.2
Polearms       | 1 2 3 4 5 6 |  6.2
Slings         | 1 2 3 4 5 6 |  6.2
Bows           | 1 2 3 4 5 6 |  6.2
Crossbows      | 1 2 3 4 5 6 |  6.2
Throwing       | 1 2 3 4 5 6 |  6.2
Armour         | 1 2 3 4 5 6 |  6.2
Shields        | 1 2 3 4 5 6 |  6.2
Unarmed Combat | 1 2 3 4 5 6 |  6.2
Spellcasting   | 1 2 3 4 5 6 |  6.2
Evocations     | 1 2 3 4 5 6 |  6.2
Conjurations   | 1 2 3 4 5 |  5.2
Hexes          | 1 2 3 4 5 |  5.2
Summonings     | 1 2 3 4 5 |  5.2
Necromancy     | 1 2 3 4 5 |  5.2
Translocations | 1 2 3 4 5 |  5.2
Transmutations | 1 2 3 4 5 |  5.2
Fire Magic     | 1 2 3 4 5 |  5.2
Ice Magic      | 1 2 3 4 5 |  5.2
Air Magic      | 1 2 3 4 5 |  5.2
Earth Magic    | 1 2 3 4 5 |  5.2
Poison Magic   | 1 2 3 4 5 |  5.2
Axes           | 5 6 7 |  7.8
Dodging        | 5 6 7 |  7.8
Fighting       | 7 8 9 |  9.1

Action                   |  1- 3 |  4- 6 |  7- 9 | 10-12 || total
-------------------------+-------+-------+-------+-------++-------
Melee: Hand axe          |    84 |    78 |       |       ||   162
       Bite              |     9 |    14 |    27 |    42 ||    92
       Dagger            |    26 |    23 |    55 |     1 ||   105
       Punch             |       |     3 |     8 |     9 ||    20
       War axe           |       |    37 |   124 |   167 ||   328
       Trident           |       |       |   110 |       ||   110
       Spear             |       |       |       |   106 ||   106
       Quarterstaff      |       |       |       |    31 ||    31
 Cast: Ensorcelled Hiber |       |       |     6 |     3 ||     9
       Swiftness         |       |       |     2 |     6 ||     8
       Anguish           |       |       |       |    31 ||    31
Invok: Potion Petition   |       |       |       |     3 ||     3
Evoke: Wand              |     1 |       |    10 |    16 ||    27
  Use: Scroll            |     3 |     6 |    15 |     6 ||    30
       Potion            |     2 |     1 |     7 |     5 ||    15
 Stab: Sleeping          |    15 |     6 |    12 |     7 ||    40
       Invisible         |       |       |     2 |       ||     2
       Paralysed         |       |       |     5 |     4 ||     9
       Distracted        |       |       |     2 |     3 ||     5
Armor: Leather armour    |    12 |       |       |       ||    12
       Ring mail         |    23 |    69 |   106 |    32 ||   230
       Skin              |       |       |    27 |     7 ||    34
       Robe              |       |       |       |    34 ||    34
Dodge: Dodged            |    62 |   103 |   161 |   299 ||   625
       Repelled          |       |       |     1 |     5 ||     6

Table legend: (Time is in decaauts)
 A = Elapsed time spent in this place.
 B = Non-inter-level travel time spent in this place.
 C = Inter-level travel time spent in this place.
 D = Time resting spent in this place.
 E = Time spent auto-exploring this place.
 F = Levels seen in this place.
 G = Mean time per level.
                   A        B        C        D        E       F      G
               +--------+--------+--------+--------+--------+-----+--------+
         Total |  14950 |  13821 |   1129 |   3517 |   7337 |  14 | 1067.9 |
       Dungeon |  14338 |  13229 |   1109 |   3224 |   7177 |  11 | 1303.5 |
        Temple |    170 |    151 |     19 |      0 |    130 |   1 |  170.0 |
  Orcish Mines |    440 |    440 |      0 |    293 |     30 |   2 |  220.0 |
               +--------+--------+--------+--------+--------+-----+--------+

Top non-repeatable levels by time:
    D:10: 2338 daAuts
     D:5: 2031 daAuts
     D:7: 1795 daAuts
     D:9: 1616 daAuts
     D:6: 1277 daAuts
     D:2: 1188 daAuts
     D:3: 1186 daAuts
     D:4: 1077 daAuts
     D:8: 981 daAuts
     D:1: 817 daAuts
   Orc:1: 426 daAuts
  Temple: 170 daAuts
    D:11: 27 daAuts
   Orc:2: 14 daAuts
